AoeStats
← lilythebirddog

Arabia

508909837Analyzed
2v2 RM · 9d ago on Sep 24, 2026· 71m 50s· 4 players
Game mode
Random Map
Map size
Medium (4 player)
Population
200
Speed
Normal
Resources
Standard
Victory
Conquest
Starting age
Dark Age
Ending age
Imperial Age
RankedLock teamsTeams togetherTeam positionsShared explorationLock speedFull tech treeHidden civsTurbo modeCheats
Victory
Defeat
🇮🇸 Franks · Iceland
435
+23
🇮🇳 Khmer · India
434
+23
🇧🇷 Varangians · Brazil
629
-27
🇧🇷 Byzantines · Brazil
555
-22
resignorwin
6:38 Loom
11:17 Feudal Age
14:30 Forging
14:34 Scale Barding Armor
18:07 Double-Bit Axe
20:05 Gold Mining
20:47 Stone Mining
25:17 Castle Age
28:51 Husbandry
29:51 Chain Barding Armor
30:25 Iron Casting
41:29 Bow Saw
42:02 Wheelbarrow
43:59 Imperial Age
41:15 Town Watch
42:42 Town Patrol
44:49 Ballistics
44:31 Fletching
44:39 Murder Holes
46:36 Plate Barding Armor
47:02 Blast Furnace
46:05 Chivalry
46:27 Conscription
45:29 Cavalier
46:31 Bodkin Arrow
47:38 Chemistry
46:50 Masonry
46:21 Treadmill Crane
46:58 Paladin
48:07 Hand Cart
48:16 Caravan
51:35 Architecture
57:57 Hoardings
lilythebirddog
0:47 Loom
10:35 Feudal Age
17:13 Padded Archer Armor
17:15 Fletching
28:05 Castle Age
45:11 Leather Archer Armor
44:59 Bodkin Arrow
50:45 Imperial Age
52:07 Ring Archer Armor
51:37 Bracer
51:50 Elite Ballista Elephant
lumiguel2011
0:29 Loom
12:34 Feudal Age
13:53 Wheelbarrow
13:04 Horse Collar
13:13 Double-Bit Axe
16:54 Stone Mining
26:11 Castle Age
29:31 Gold Mining
30:12 Pikeman
38:36 Squires
46:39 Husbandry
57:56 Stone Shaft Mining
61:56 Imperial Age
60:44 Fortified Wall
60:15 Treadmill Crane
62:37 Forging
62:27 Scale Mail Armor
65:11 Chain Mail Armor
65:05 Scale Barding Armor
66:04 Hand Cart
67:12 Caravan
68:33 Chemistry
70:03 Halberdier
Etanol
6:25 Loom
14:43 Feudal Age
16:29 Horse Collar
16:36 Double-Bit Axe
18:35 Wheelbarrow
17:47 Town Watch
19:22 Forging
20:34 Scale Barding Armor
21:41 Wheelbarrow
27:34 Castle Age
26:30 Gold Mining
27:24 Bloodlines
29:12 Hand Cart
29:47 Town Patrol
30:30 Bow Saw
30:26 Heavy Plow
31:15 Chain Barding Armor
31:52 Stone Mining
35:49 Husbandry
37:18 Stone Mining
38:09 Iron Casting
38:47 Stone Shaft Mining
42:31 Imperial Age
42:04 Fortified Wall
46:06 Two-Man Saw
45:32 Cavalier
47:15 Vendel Legacy
48:17 Conscription
51:38 Blast Furnace
52:52 Plate Barding Armor
57:39 Light Cavalry
Connection lost

Rejoining the realm…

Still unreachable

The connection could not be restored.

Session expired

The server has moved on; the page needs a fresh start.